Cogmind - Beta 12 @@@ ROGUE MODE // 2024.01.06 @ 22:23:16 Player: clipcrisp Result: Destroyed by G-47 Trooper with Particle Gun Performance ------------- Evolutions (3) 1500 Regions Visited (4) 800 Robots Destroyed (49) 245 Value Destroyed (1694) 1694 Prototype IDs (2) 40 Alien Tech Used (0) 0 Bonus (113) 113 TOTAL SCORE: 4392 Bonus ------- High Alert Combat Kills 113 Cogmind --------- Core Integrity 0/700 Matter 300/300 Energy 100/100 System Corruption 8% Temperature Cool (9) Movement Core (50) Location -7/Factory Parts ------- > --- POWER (3) -------- (None) > --- PROPULSION (4) --- (None) > --- UTILITY (3) ------ (None) > --- WEAPON (3) ------- (None) > --- INVENTORY (5) ---- Disposable Heat Sink Compact Battery (200) Particle Gun Assault Rifle Improved Datajack Peak State ------------ > --- POWER ------------ Light Deuterium Engine Light Deuterium Engine > --- PROPULSION ------- Advanced Treads Advanced Treads > --- UTILITY ---------- Improved Power Shielding Hacking Suite System Shield > --- WEAPON ----------- Improved EM Shotgun Advanced EMP Blaster > --- INVENTORY -------- Disposable Heat Sink Compact Battery Particle Gun Assault Rifle Improved Datajack [Rating: 29] Favorites ----------- Power Ion Engine Engine Ion Engine Power Core Light Nuclear Core Propulsion Aluminum Leg Treads Advanced Treads Leg Aluminum Leg Utility System Shield Device Improved Terrain Scanner Storage Small Storage Unit Processor Visual Processing Unit Hackware System Shield Protection Improved Power Shielding Weapon Advanced EMP Blaster Energy Gun Medium Laser Ballistic Gun Assault Rifle Launcher Advanced EMP Blaster Build | -11 -10 -9 -8 -7 ------- Run | Jun Mat Mat Mat Fac Slots Evolved 6 | . . 2 2 2 Power 2 | . . 1 . 1 Propulsion 2 | . . 1 1 . Utility 1 | . . . 1 . Weapon 1 | . . . . 1 Parts Attached 47 | 7 7 12 21 . Power 13 | 1 1 4 7 . Engine 12 | 1 1 4 6 . Core 1 | . . . 1 . Reactor . | . . . . . Propulsion 14 | 2 3 4 5 . Treads 2 | . . . 2 . Leg 12 | 2 3 4 3 . Wheel . | . . . . . Hover . | . . . . . Flight . | . . . . . Utility 9 | 2 . 2 5 . Device 3 | 1 . 1 1 . Storage 2 | 1 . . 1 . Processor 1 | . . 1 . . Hackware 2 | . . . 2 . Protection 1 | . . . 1 . Artifact . | . . . . . Weapon 11 | 2 3 2 4 . Energy Gun 5 | 1 1 1 2 . Energy Cannon . | . . . . . Ballistic Gun 4 | 1 2 1 . . Ballistic Cannon . | . . . . . Launcher 2 | . . . 2 . Special Weapon . | . . . . . Impact Weapon . | . . . . . Slashing Weapon . | . . . . . Piercing Weapon . | . . . . . Special Melee Weapon . | . . . . . Unidentified Prototypes 2 | . . . 2 . Corrupted Parts 4 | . . . 4 . System Corruption 32 | . . . 32 . Parts Lost 15 | . . 1 4 10 Power 2 | . . . . 2 Propulsion 6 | . . 1 1 4 Utility 3 | . . . 1 2 Weapon 4 | . . . 2 2 Highest Loss Streak 9 | . . 1 2 9 To Critical Strikes . | . . . . . Average Slot Usage (%) 83 | . 96 94 81 61 Engine 15 | . 13 21 17 6 Core 1 | . . . . 6 Treads 8 | . . . 15 5 Leg 16 | . 26 32 4 20 Device 5 | . 12 6 3 . Storage 4 | . 14 5 1 . Processor 1 | . . 5 . . Hackware 7 | . . . 14 6 Protection 3 | . . . 6 . Energy Gun 7 | . 13 4 6 6 Ballistic Gun 6 | . 13 17 . . Launcher 5 | . . . 10 5 Naked Turns 21 | . . . . 21 Heaviest Build 31 | 15 15 19 31 25 Greatest Support 44 | 20 20 30 44 35 Greatest Overweight (x) 4 | 4 3 . 1 . Average Overweight (x) . | 1 . . . . Largest Inventory Capacity 8 | 8 8 8 8 5 Average Capacity 6 | 7 8 6 5 5 Most Carried 8 | 6 8 7 7 5 Average Carried 5 | 3 6 5 4 5 Final Capacity 8 | 8 8 5 5 5 Final Carried 6 | 6 6 5 5 5 Class Distribution -------------------- 45% | Mutant 31% | Hacker-Mutant 22% | Scavenger-Mutant Dominant Class ---------------- Mutant | -10/Materials Mutant | -9/Materials Hacker-Mutant | -8/Materials Scavenger-Mutant | -7/Factory Resources | -11 -10 -9 -8 -7 ----------- Run | Jun Mat Mat Mat Fac Matter Collected 1145 | 215 91 398 406 35 Remotely . | . . . . . Salvage Created 2051 | 30 101 465 1358 97 Parts 120 | 3 9 32 69 7 Haulers Intercepted 2 | . 1 . 1 . Recyclers Shooed . | . . . . . Parts Field Recycled . | . . . . . Retrieved Matter . | . . . . . Parts Self-Destructed . | . . . . . Prevented . | . . . . . Kills | -11 -10 -9 -8 -7 ------- Run | Jun Mat Mat Mat Fac Combat Hostiles Destroyed 33 | . 1 10 20 2 Guns 17 | . 1 10 5 1 AOE 14 | . . . 13 1 Classes Destroyed 11 | 1 3 1 6 . Worker 1 | . . . 1 . Builder 1 | . . . 1 . Tunneler 2 | 1 . . 1 . Hauler 2 | . 1 . 1 . Recycler 3 | . . . 3 . Operator 1 | . . . 1 . Watcher 6 | . 1 1 4 . Swarmer 4 | . . . 4 . Grunt 23 | . 1 7 13 2 Brawler 1 | . . . 1 . Sentry 5 | . . 3 2 . Best Kill Streak 5 | 1 2 4 5 2 Combat Bots Only 4 | . 1 4 4 2 Max Kills in Single Turn 3 | 1 1 1 3 1 Gunslinging . | . . . . . Exploded 2 | . . . 2 1 Melee . | . . . . . Uniques/NPCs Destroyed . | . . . . . Combat | -11 -10 -9 -8 -7 -------- Run | Jun Mat Mat Mat Fac Damage Taken 2766 | . 63 310 1130 1263 Core 912 | . . . 197 715 Absorbed by Shields . | . . . . . Redirected to Shielding 105 | . . . 96 9 Core Remaining (%) 91 | 100 100 100 64 . Volleys Fired 98 | 2 14 34 44 4 Largest 2 | 2 2 2 2 2 Hottest 99 | 70 70 85 85 99 Shots Fired 181 | 4 25 68 76 8 Gun 141 | 4 25 68 40 4 Cannon . | . . . . . Launcher 40 | . . . 36 4 Special . | . . . . . Kinetic 93 | 2 14 65 12 . Thermal 34 | 2 11 3 14 4 Explosive . | . . . . . Electromagnetic 54 | . . . 50 4 Robot Hit Streak 13 | 2 9 13 6 5 Robot Miss Streak 6 | 1 1 5 6 1 Penetration Max . | . . . . . Secondary Targets . | . . . . . Shots Hit Robots 113 | 2 18 43 44 6 Core Hits 75 | 1 5 18 47 4 Critical Kills 1 | . . . 1 . Critical Parts Destroyed . | . . . . . Critical Strikes 1 | . . . 1 . Destroy 1 | . . . 1 . Melee Attacks . | . . . . . Impact . | . . . . . Slashing . | . . . . . Piercing . | . . . . . Sneak Attacks . | . . . . . Combat Hostiles . | . . . . . Follow-up Attacks . | . . . . . Damage Inflicted 3289 | 25 193 607 2311 153 Guns 1352 | 25 193 596 470 68 Cannons . | . . . . . Explosions 1921 | . . . 1836 85 Melee . | . . . . . Ramming 16 | . . 11 5 . Kinetic 775 | 13 81 562 119 . Thermal 771 | 12 112 34 545 68 Explosive . | . . . . . Electromagnetic 1727 | . . . 1642 85 Impact . | . . . . . Slashing . | . . . . . Piercing . | . . . . . Highest Corruption 37 | . . . 37 8 Average Corruption 5 | . . . 5 2 Corruption Purged . | . . . . . Corruption Blocked . | . . . . . Effects 19 | . . . 16 3 Message Errors 8 | . . . 7 1 Matter Fused 4 | . . . 2 2 Heat Flow Errors 1 | . . . 1 . Data Loss (minor) 2 | . . . 2 . Data Loss (major) 3 | . . . 3 . Misfires 1 | . . . 1 . Overload Shots . | . . . . . Overflow Damage 83 | . . . 83 . Projectiles . | . . . . . Explosions 83 | . . . 83 . Melee . | . . . . . Knockbacks . | . . . . . Impact . | . . . . . Kinetic . | . . . . . Secondary . | . . . . . Self-Inflicted Damage 393 | . . . 358 35 Shots 21 | . . . 19 2 Rammed 2 | . . . 2 . Targets Rammed 5 | . . 2 2 1 Kicked 3 | . . 2 . 1 Crushed . | . . . . . Highest Temperature 207 | 18 130 21 200 207 Average Temperature 43 | 10 47 7 39 102 Received Heat Transfer 1032 | . 36 141 378 477 Siege Activations . | . . . . . Robots Corrupted 2 | . . . 2 . Combat Hostiles 2 | . . . 2 . Parts Fried 8 | . . . 8 . Impact Corruptions . | . . . . . Robots Melted . | . . . . . Combat Hostiles . | . . . . . Parts Melted 1 | . . . 1 . Heat Transferred 1462 | 37 333 74 870 148 Parts Sabotaged . | . . . . . Parts Stolen . | . . . . . Parts Stripped . | . . . . . Power Chain Reactions 10 | . . . 9 1 Missiles Intercepted . | . . . . . Alert | -11 -10 -9 -8 -7 ------- Run | Jun Mat Mat Mat Fac Peak Influence 573 | 5 54 328 573 495 Initial 260 | . 3 5 53 260 Average 219 | 1 18 116 317 454 Maximum Alert Level 2 | . . 1 2 2 Low Security (%) 51 | 100 100 76 27 . Level 1 21 | . . 23 37 7 Level 2 26 | . . . 34 92 Level 3 . | . . . . . Level 4 . | . . . . . Level 5 . | . . . . . High Security . | . . . . . Max Security . | . . . . . Squads Dispatched 8 | . 1 1 3 3 Investigation 2 | . . . . 2 Extermination . | . . . . . Reinforcement 5 | . 1 1 3 . Assault 1 | . . . . 1 Garrison . | . . . . . Intercept . | . . . . . Searches Triggered . | . . . . . Construction Impeded 1 | . . . 1 . Haulers Reinforced . | . . . . . Active Scanning Responses . | . . . . . Cargo Convoy Interrupts . | . . . . . Stealth | -11 -10 -9 -8 -7 --------- Run | Jun Mat Mat Mat Fac Distress Signals 1 | . . 1 . . Communications Jammed . | . . . . . Distress Signals . | . . . . . Times Spotted 57 | . 5 17 29 6 Peak Tracking Total 5 | . 1 5 4 4 Tactical Retreats 1 | . . . 1 . Traps | -11 -10 -9 -8 -7 ------- Run | Jun Mat Mat Mat Fac Traps Triggered 7 | . 4 . 2 1 Indirectly 1 | . . . . 1 Trap Hack Attempts . | . . . . . Triggered . | . . . . . Disarmed . | . . . . . Reprogrammed . | . . . . . Reused . | . . . . . Traps Extracted . | . . . . . Installed . | . . . . . Triggered . | . . . . . Machines | -11 -10 -9 -8 -7 ---------- Run | Jun Mat Mat Mat Fac Machines Disabled 12 | . . 1 9 2 Max in Single Turn 2 | . . 1 2 1 Garrison Access 1 | . . . . 1 Machines Repaired . | . . . . . Machines Sabotaged . | . . . . . Overloaded Fab Kills . | . . . . . Hacking | -11 -10 -9 -8 -7 --------- Run | Jun Mat Mat Mat Fac Machines Accessed 8 | . 2 . 3 3 Terminals 7 | . 2 . 3 2 Fabricators . | . . . . . Repair Stations . | . . . . . Recycling Units . | . . . . . Scanalyzers 1 | . . . . 1 Garrison Access . | . . . . . Total Hacks 31 | . 5 . 17 9 Successful 16 | . 3 . 10 3 Failed 14 | . 2 . 6 6 Catastrophic 7 | . 2 . 1 4 Database Lockouts 1 | . . . 1 . Manual 1 | . . . . 1 Terminals 29 | . 5 . 17 7 Fabricators . | . . . . . Repair Stations . | . . . . . Recycling Units . | . . . . . Scanalyzers 2 | . . . . 2 Garrison Access . | . . . . . Terminal Hacks 14 | . 3 . 10 1 Record 10 | . 3 . 7 . Alert Level 1 | . . . . 1 Maintenance Status 1 | . . . 1 . Hauler Manifests 1 | . . . 1 . Zone Layout 1 | . . . 1 . Fabricator Hacks . | . . . . . Repair Station Hacks . | . . . . . Recycling Unit Hacks . | . . . . . Scanalyzer 2 | . . . . 2 Insert Component 1 | . . . . 1 Analyze 1 | . . . . 1 Garrison Access Hacks . | . . . . . Unauthorized Hacks . | . . . . . Terminals . | . . . . . Fabricators . | . . . . . Repair Stations . | . . . . . Recycling Units . | . . . . . Scanalyzers . | . . . . . Garrison Access . | . . . . . Data Cores Recovered . | . . . . . Used . | . . . . . Hacking Detections 5 | . 2 . 1 2 Full Trace Events 2 | . . . . 2 Feedback Events 1 | . . . . 1 Corruption 1 | . . . . 1 Feedback Blocked . | . . . . . Robot Schematics Acquired . | . . . . . Robots Built . | . . . . . Authchips . | . . . . . Time . | . . . . . Total Robot Build Rating . | . . . . . Part Schematics Acquired 1 | . . . . 1 Parts Built . | . . . . . Authchips . | . . . . . Time . | . . . . . Total Part Build Rating . | . . . . . Parts Repaired . | . . . . . Time . | . . . . . Parts Recycled . | . . . . . Recycled Matter . | . . . . . Retrieved Matter . | . . . . . Retrieved Components . | . . . . . Parts Scanalyzed 1 | . . . . 1 Part Schematics Acquired 1 | . . . . 1 Parts Damaged . | . . . . . Bothacking | -11 -10 -9 -8 -7 ------------ Run | Jun Mat Mat Mat Fac Used RIF Installer . | . . . . . Robots Hacked . | . . . . . Non-combat . | . . . . . Combat . | . . . . . Robot Hacks Applied . | . . . . . Relay Couplers Released 2 | . . . . 2 Machine Destruction 2 | . . . . 2 Fabnet Peak Effective % . | . . . . . Robots Rewired . | . . . . . Allies Hacked . | . . . . . Hacks Repelled . | . . . . . Allies | -11 -10 -9 -8 -7 -------- Run | Jun Mat Mat Mat Fac Total Allies . | . . . . . Largest Group . | . . . . . Highest-Rated Group . | . . . . . Highest-Rated Ally . | . . . . . Total Orders . | . . . . . Ally Attacks . | . . . . . Total Damage . | . . . . . Kills . | . . . . . Allies Corrupted . | . . . . . Allies Melted . | . . . . . Intel | -11 -10 -9 -8 -7 ------- Run | Jun Mat Mat Mat Fac Robot Analysis Total . | . . . . . Derelict Logs Recovered . | . . . . . Drone Launches . | . . . . . Drone Recoveries . | . . . . . Exploration | -11 -10 -9 -8 -7 ------------- Run | Jun Mat Mat Mat Fac Turns Passed 2554 | 228 459 425 1126 316 Spaces Moved 1411 | 113 286 247 681 84 Core 62 | 57 5 . . . Treads 552 | . . . 552 . Legs 797 | 56 281 247 129 84 Wheels . | . . . . . Hover . | . . . . . Flight . | . . . . . Fastest Speed 50 | 50 100 120 120 120 Average Speed 134 | 171 124 120 140 120 Slowest Speed 250 | 250 200 120 190 120 Overloaded Moves . | . . . . . Propulsion Burnouts . | . . . . . Robots Hopped . | . . . . . Cave-ins Triggered . | . . . . . Exploration Rate (%) 26 | 6 43 26 51 4 Regions Visited 4 Branch Regions . Pre-discovered Areas . | . . . . . Known Exits Taken . | . . . . . Unknown Exits Taken 4 | 1 1 1 1 . Scrap Searched . | . . . . . Spaces Dug . | . . . . . Terrain Destroyed 60 | . . . 60 . Melee . | . . . . . Projectile . | . . . . . AOE 60 | . . . 60 . Terrain Rammed . | . . . . . Walls Destroyed . | . . . . . Machines Disabled . | . . . . . Actions | -11 -10 -9 -8 -7 --------- Run | Jun Mat Mat Mat Fac Total 1890 | 143 365 316 775 291 Wait 271 | 9 52 8 . 202 Move 1407 | 112 285 246 680 84 Hop . | . . . . . Pick Up 34 | 13 4 5 12 . Fast Attach 13 | . 3 2 8 . Attach 17 | 7 2 3 5 . Detach . | . . . . . Swap 17 | . 2 7 8 . Drop 28 | . 3 9 16 . Fire 98 | 2 14 34 44 4 Melee . | . . . . . Ram . | . . . . . Kick 3 | . . 2 . 1 Crush 2 | . . . 2 . Escape Stasis . | . . . . . Rewire . | . . . . . Trap . | . . . . . Miscellaneous . | . . . . . Route ------- -11/Junkyard -10/Materials (discovered 2 exits: [*Mat] / [*Min]) -9/Materials -8/Materials -7/Factory History --------- Turn | Location | Event 11 | -11/Junkyard | Discovered new exit (range 16) 229 | -11/Junkyard | Entered Materials 318 | -10/Materials | Build established: Mutant 531 | -10/Materials | Discovered new exit (range 8) 634 | -10/Materials | Discovered new exit (range 16) 688 | -10/Materials | Entered another Materials area 688 | -9/Materials | Evolved 2 slots: Power x1, Propulsion x1 1089 | -9/Materials | Discovered new exit (range 11) 1113 | -9/Materials | Entered another Materials area 1113 | -8/Materials | Evolved 2 slots: Propulsion x1, Utility x1 1567 | -8/Materials | Build established: Hacker-Mutant 1608 | -8/Materials | Central database locked down 2129 | -8/Materials | System corruption reached 10% 2143 | -8/Materials | System corruption reached 30% 2225 | -8/Materials | Discovered new exit (range 9) 2239 | -8/Materials | Entered Factory 2239 | -7/Factory | Evolved 2 slots: Power x1, Weapon x1 2430 | -7/Factory | Build established: Scavenger-Mutant 2543 | -7/Factory | Core integrity fell below 50% 2551 | -7/Factory | Core integrity fell below 20% 2555 | -7/Factory | Destroyed by G-47 Trooper with Particle Gun Last Messages --------------- Kicked T-07 Excavator. Connecting with Terminal... >>Alert(Check) Current Alert Level: 2-H Feedback: System corruption (+1%). ALERT: Suspicious activity at Terminal F013. Dispatching Investigation squad. System corrupted: Matter fused (-6). NZKI/HQOBO32JSGX